AoeStats
← peyc12

Black Forest

505954042Analyzed
4v4 RM · 19d ago on Sep 11, 2026· 73m 9s· 8 players
Game mode
Random Map
Map size
Large (8 player)
Population
200
Speed
Normal
Resources
Standard
Victory
Conquest
Starting age
Dark Age
Ending age
Imperial Age
RankedLock teamsTeams togetherTeam positionsShared explorationLock speedFull tech treeHidden civsTurbo modeCheats
Victory
Defeat
🇪🇸 Ethiopians · Spain
818
+8
🇪🇸 Franks · Spain
766
+10
🇪🇸 Spanish · Spain
585
+16
🇪🇸 Hindustanis · Spain
573
+17
🇨🇱 Aztecs · Chile
663
-15
🇺🇸 Jurchens · United States
641
-14
🇸🇪 Britons · Sweden
599
-12
🇬🇧 Chinese · United Kingdom
545
-10
Dremora
6:35 Loom
12:58 Feudal Age
13:24 Fishing Lines
13:58 Double-Bit Axe
18:06 Horse Collar
18:19 Gold Mining
18:23 Stone Mining
22:32 Castle Age
25:22 Fervor
25:17 Caravan
27:57 Wheelbarrow
27:08 Town Watch
29:20 Hand Cart
29:08 Town Patrol
33:08 Imperial Age
33:05 Bow Saw
33:54 Heavy Plow
34:09 Bow Saw
35:17 Chemistry
34:38 Ballistics
33:59 Treadmill Crane
34:30 Fortified Wall
35:47 Crop Rotation
36:30 Stone Shaft Mining
36:34 Gold Shaft Mining
36:56 Garland Wars
36:57 Conscription
37:10 Forging
37:01 Scale Mail Armor
36:52 Fletching
37:02 Padded Archer Armor
37:40 Elite Jaguar Warrior
39:18 Iron Casting
38:58 Chain Mail Armor
40:33 Sanctity
40:52 Crossbowman
40:53 Elite Skirmisher
41:57 Onager
42:00 Capped Ram
43:51 Arson
44:08 Squires
43:32 Arbalester
55:56 Siege Onager
55:57 Siege Ram
Labinotc
0:30 Loom
15:40 Feudal Age
17:51 Wheelbarrow
17:08 Double-Bit Axe
17:06 Horse Collar
19:59 Gold Mining
20:02 Stone Mining
25:21 Castle Age
26:47 Caravan
28:00 Bow Saw
28:49 Hand Cart
29:28 Gold Shaft Mining
31:51 Heavy Plow
32:03 Elite Skirmisher
33:53 Fletching
34:04 Padded Archer Armor
35:38 Bodkin Arrow
36:00 Leather Archer Armor
39:41 Imperial Age
37:50 Yeomen
38:05 Ballistics
38:06 Forging
37:57 Scale Mail Armor
39:57 Elite Longbowman
41:45 Two-Man Saw
41:27 Bracer
44:55 Ring Archer Armor
45:25 Squires
44:46 Pikeman
49:53 Chain Mail Armor
52:35 Chemistry
51:51 Halberdier
53:42 Plate Mail Armor
53:48 Iron Casting
57:20 Blast Furnace
g_c_matthews_2000
0:47 Loom
11:43 Feudal Age
12:41 Double-Bit Axe
14:05 Fletching
14:51 Horse Collar
18:23 Wheelbarrow
18:36 Gold Mining
18:39 Stone Mining
22:19 Castle Age
22:17 Forging
23:40 Stone Shaft Mining
23:46 Gold Shaft Mining
23:17 Heavy Plow
24:23 Bow Saw
24:26 Town Watch
31:37 Imperial Age
29:48 Murder Holes
30:22 Bodkin Arrow
31:54 Fortified Wall
32:11 Scale Mail Armor
32:46 Conscription
33:35 Chemistry
35:02 Bracer
35:07 Padded Archer Armor
37:00 Two-Man Saw
36:52 Hand Cart
37:25 Scale Barding Armor
37:25 Husbandry
38:42 Masonry
38:43 Squires
38:06 Man-at-Arms
38:48 Arson
39:43 Ballistics
39:14 Light Cavalry
41:13 Leather Archer Armor
40:25 Cavalier
41:25 Caravan
42:37 Bloodlines
43:11 Iron Casting
43:23 Pikeman
45:00 Town Patrol
44:45 Elite Chu Ko Nu
47:07 Ring Archer Armor
51:16 Guard Tower
51:02 Halberdier
52:03 Long Swordsman
56:55 Chain Mail Armor
57:52 Great Wall
60:31 Blast Furnace
59:54 Chain Barding Armor
buraktaylaweb
13:14 Feudal Age
13:46 Horse Collar
13:54 Double-Bit Axe
14:49 Wheelbarrow
16:48 Gold Mining
20:59 Stone Mining
24:04 Castle Age
25:10 Hand Cart
25:10 Heavy Plow
25:23 Bow Saw
26:07 Gold Shaft Mining
26:10 Stone Shaft Mining
30:27 Fortified Wall
31:18 Ballistics
31:49 Caravan
33:44 Guard Tower
33:51 Murder Holes
34:15 Forging
34:06 Scale Mail Armor
38:13 Imperial Age
36:52 Iron Casting
36:58 Squires
36:19 Pikeman
36:43 Treadmill Crane
37:31 Chain Mail Armor
37:18 Padded Archer Armor
41:15 Two-Man Saw
41:17 Crop Rotation
41:49 Blast Furnace
41:10 Leather Archer Armor
41:36 Heavy Rocket Cart
41:42 Halberdier
44:46 Scale Barding Armor
45:47 Chemistry
45:23 Keep
44:34 Arrowslits
58:07 Conscription
SanchoPanza
12:49 Loom
14:48 Feudal Age
16:39 Wheelbarrow
15:52 Double-Bit Axe
16:00 Gold Mining
16:02 Stone Mining
16:15 Horse Collar
27:20 Castle Age
29:00 Hand Cart
28:58 Bow Saw
29:30 Gold Shaft Mining
29:01 Heavy Plow
36:25 Stone Shaft Mining
45:49 Imperial Age
43:47 Grand Trunk Road
44:45 Husbandry
44:58 Bloodlines
45:58 Heavy Camel Rider
46:47 Elite Skirmisher
49:13 Conscription
49:46 Fletching
49:58 Padded Archer Armor
50:03 Scale Barding Armor
51:24 Caravan
51:55 Masonry
51:51 Siege Engineers
51:57 Fortified Wall
51:45 Murder Holes
53:07 Imperial Camel Rider
57:02 Chemistry
59:37 Crossbowman
60:24 Thumb Ring
64:17 Bodkin Arrow
64:38 Leather Archer Armor
64:43 Chain Barding Armor
labruixaavorrida
11:44 Feudal Age
13:03 Wheelbarrow
12:51 Double-Bit Axe
22:06 Castle Age
21:08 Scale Barding Armor
21:07 Scale Mail Armor
22:28 Forging
23:03 Hand Cart
24:14 Husbandry
27:18 Bow Saw
28:38 Chain Barding Armor
28:33 Gold Mining
36:09 Imperial Age
34:08 Chain Mail Armor
34:29 Iron Casting
37:06 Gold Shaft Mining
36:33 Cavalier
38:56 Plate Barding Armor
39:32 Paladin
42:15 #83
43:16 Stone Mining
47:50 Chivalry
47:12 Elite Throwing Axeman
peyc12
13:20 Feudal Age
14:19 Horse Collar
14:32 Double-Bit Axe
18:29 Castle Age
17:10 Fishing Lines
19:45 Wheelbarrow
20:46 Gold Mining
20:49 Stone Mining
22:00 Hand Cart
22:08 Heavy Plow
26:17 Gillnets
27:29 Caravan
29:57 Bow Saw
33:14 Imperial Age
31:31 Masonry
32:02 Crossbowman
32:47 Thumb Ring
34:03 Ballistics
34:45 Conscription
34:27 Torsion Engines
35:44 Chemistry
35:04 Padded Archer Armor
34:55 Fletching
35:15 Forging
35:09 Scale Mail Armor
35:10 Heavy Scorpion
35:57 Arbalester
38:37 Siege Engineers
37:57 Elite Shotel Warrior
38:40 Bodkin Arrow
39:01 Leather Archer Armor
39:22 Iron Casting
39:02 Chain Mail Armor
40:22 Bracer
40:53 Ring Archer Armor
53:23 Blast Furnace
52:53 Plate Mail Armor
Motopapi
13:58 Feudal Age
15:18 Wheelbarrow
14:26 Horse Collar
14:39 Double-Bit Axe
18:45 Stone Mining
18:56 Gold Mining
26:39 Castle Age
25:41 Forging
25:36 Scale Barding Armor
25:23 Fletching
26:40 Fletching
26:57 Padded Archer Armor
27:20 Bloodlines
27:36 Hand Cart
28:24 Heavy Plow
29:31 Husbandry
32:35 Iron Casting
32:21 Chain Barding Armor
32:23 Leather Archer Armor
32:54 Ballistics
33:20 Bow Saw
33:50 Stone Shaft Mining
35:10 Caravan
40:28 Imperial Age
39:37 Bodkin Arrow
40:23 Guard Tower
40:32 Murder Holes
40:52 Masonry
40:35 Town Watch
41:12 Thumb Ring
41:18 Cavalier
42:20 Conscription
43:27 Elite Conquistador
45:56 Blast Furnace
45:32 Plate Barding Armor
45:36 Ring Archer Armor
47:24 Paladin
49:09 Bracer
52:52 Chemistry
52:24 Architecture
54:38 Town Patrol
55:17 Keep
54:28 Arrowslits
55:04 Bombard Tower
59:25 Hoardings
60:47 Coinage
60:29 Guilds
Connection lost

Rejoining the realm…

Still unreachable

The connection could not be restored.

Session expired

The server has moved on; the page needs a fresh start.